 Dungeon Crawl Stone Soup version 0.31-a0-981-geadf994542 (webtiles) character file.

Game seed: 2571086967446827697

43 zenocrate the Cudgeller (level 3, -1/37 HPs)
             Began as an Ogre Gladiator on Oct 31, 2023.
             Slain by an adder (2 damage)
             ... on level 2 of the Dungeon.
             The game lasted 00:02:06 (1338 turns).

zenocrate the Cudgeller (Ogre Gladiator)            Turns: 1338, Time: 00:02:07

Health: -1/37      AC:  3    Str: 20    XL:     3   Next: 58%
Magic:  3/3        EV: 10    Int:  9    God:
Gold:   52         SH:  0    Dex: 10    Spells: 2/2 levels left

rFire   + . .        a - +0 flail
rCold   + . .        (no shield)
rNeg    . . .        b - +0 robe
rPois   +            c - +0 hat
rElec   +            (no cloak)
rCorr   +            (gloves unavailable)
SInv    .            (boots unavailable)
Will    .....        (no amulet)
Stlth   +            (no ring)
HPRegen 0.26/turn    (no ring)
MPRegen 0.08/turn

%: no passive effects
@: lethally poisoned (-1 -> -6), resistant
A: large, unfitting armour, tough skin 1
a: no special abilities


You were on level 2 of the Dungeon.
You visited 1 branch of the dungeon, and saw 2 of its levels.

You collected 52 gold pieces.

Inventory:

Hand Weapons
 a - a +0 flail (weapon)
Missiles
 d - 3 throwing nets (quivered)
 e - a large rock
Armour
 b - a +0 robe (worn)
 c - a +0 hat (worn)
Scrolls
 f - 2 scrolls of revelation {unknown}
 g - a scroll of teleportation {unknown}
 h - a scroll of identify {unknown}
 i - a scroll of amnesia {unknown}
 k - a scroll of blinking {unknown}


   Skills:
 + Level 3.3 Fighting
 + Level 3.4 Maces & Flails
 - Level 2.1 Throwing
 - Level 3.0 Dodging
 - Level 0.1 Spellcasting


You had 2 spell levels left.
You didn't know any spells.
Your spell library contained the following spells:

 Spells                   Type           Power      Damage    Failure   Level
 Foxfire                  Conj/Fire      0%         2x1d4     38%         1
 Tukima's Dance           Hex            0%         N/A       77%         3
 Dimensional Bullseye     Hex/Tloc       0%         N/A       99%         4
 Iskenderun's Mystic Bla  Conj/Tloc      0%         2d3       99%         4
 Plasma Beam              Fire/Air       0%         2x1d10    100%        6
 Starburst                Conj/Fire      0%         6d3       100%        6


Dungeon Overview and Level Annotations

Branches:
Dungeon (2/15)

Altars:


Innate Abilities, Weirdness & Mutations

You are too large for most types of armour.
You have tough skin. (AC +1)


Message History

You closely miss the adder. The adder barely misses you.
The adder closely misses you.
Unknown command.
You hit the adder.
The adder is heavily wounded.
The adder closely misses you. The adder bites you.
You are poisoned.
The adder poisons you!
You closely miss the adder.
The adder is heavily wounded.
You feel sick. The adder bites you. The ball python closely misses you.
You closely miss the adder.
The adder is heavily wounded.
You feel sick. The adder misses you. The ball python barely misses you.
The adder bites you but does no damage.
Unknown command.
You closely miss the adder.
The adder is heavily wounded.
You feel sick. The ball python barely misses you. The adder bites you.
* * * LOW HITPOINT WARNING * * *
You are more poisoned.
The adder poisons you! The ball python barely misses you.
Unknown command.
You barely miss the adder.
The adder is heavily wounded.
* * * LOW HITPOINT WARNING * * *
You feel very sick. The adder bites you.
* * * LOW HITPOINT WARNING * * *
The ball python bites you.
* * * LOW HITPOINT WARNING * * *
The adder barely misses you.
Unknown command.
It was a potion of resistance.
You feel protected.
* * * LOW HITPOINT WARNING * * *
You feel sick. The ball python bites you.
* * * LOW HITPOINT WARNING * * *
The adder bites you.
You die...

### #.###### #.##...# #.##...#
#### #.##...##### #... #####
##.##.......# #.## .....#
#..##.......###.# ......#
#.S..........)(.# .......
#@#.#(.......#### .(....>
#S#.........## ### .......
#S#........>####.. .......##
###J..#............#
........###.....#.......######
.........##.#...#..[....#
......##..S.....#..<....#
.....# ###.).#.##...######
#########..#.#...........#


You could see 2 adders, an endoplasm and a ball python.

Vanquished Creatures
  A worm (D:2)
  3 dart slugs
  A ball python (D:1)
  2 endoplasms (D:1)
  2 giant cockroaches (D:2)
  3 goblins (D:1)
  3 hobgoblins
  2 quokkas
  6 bats
  A frilled lizard (D:2)
  4 kobolds
  5 rats
33 creatures vanquished.

Notes
Turn   | Place    | Note
-------+----------+-------------------------------------------
     0 | D:1      | zenocrate the Ogre Gladiator began the quest for the Orb.
     0 | D:1      | Reached XP level 1. HP: 22/22 MP: 1/1
   142 | D:1      | Reached XP level 2. HP: 21/29 MP: 2/2
   267 | D:1      | Found a faded altar of an unknown god.
   850 | D:2      | Reached XP level 3. HP: 29/36 MP: 3/3
  1338 | D:2      | HP: 1/37 [ball python (1)]
  1338 | D:2      | Slain by an adder

Illustrated notes

Levels and vault maps discovered:
D:1:      scummos_arrival_star, layout_loops_ring,
          shapermc_ecumenical_altar_totnotflames
D:2:      minmay_chambers_of_ones, layout_rooms, bh_walls_and_bars

Skill      XL: |  1  2  3 |
---------------+----------+-----
Maces & Flails | 3 |  3.4
Dodging        | 3 |  3.0
Fighting       | 3 |  3.3
Throwing       | |  2.1
Spellcasting   | |  0.1

Action                     || total
---------------------------++-------
  Melee: Flail             ||   102
    Use: Potion            ||     1
   Stab: Sleeping          ||     1
 Armour: Robe              ||    94
  Dodge: Dodged            ||    73

Table legend: (Time is in decaauts)
 A = Elapsed time spent in this place.
 B = Non-inter-level travel time spent in this place.
 C = Inter-level travel time spent in this place.
 D = Time resting spent in this place.
 E = Time spent auto-exploring this place.
 F = Levels seen in this place.
 G = Mean time per level.
                   A        B        C        D        E       F      G
               +--------+--------+--------+--------+--------+-----+--------+
         Total |   1362 |   1329 |     33 |      0 |   1061 |   2 |  681.0 |
       Dungeon |   1362 |   1329 |     33 |      0 |   1061 |   2 |  681.0 |
               +--------+--------+--------+--------+--------+-----+--------+

Top non-repeatable levels by time:
     D:1: 795 daAuts
     D:2: 567 daAuts
